 Dungeon Crawl Stone Soup version 0.30-a0-1163-gf69bf04e7a (webtiles) character file.

Game seed: 3994872688722778902

277 NateTC the Digger (level 6, 0/36 HPs)
             Began as an Octopode Earth Elementalist on Apr 29, 2023.
             Constricted to death by a ball python (1 damage)
             ... in a sewer.
             The game lasted 00:10:38 (3239 turns).

NateTC the Digger (Octopode Earth Elementalist)     Turns: 3239, Time: 00:10:38

Health: 0/36       AC:  1    Str:  7    XL:     6   Next: 25%
Magic:  7/10       EV: 10    Int: 25    God:
Gold:   169        SH:  0    Dex: 13    Spells: 7/11 levels left

rFire   . . .        (no weapon)
rCold   . . .        (no shield)
rNeg    . . .        (helmet restricted)
rPois   .            (no amulet)
rElec   .            h - +6 ring of intelligence
rCorr   .            (no ring)
SInv    .            (no ring)
Will    .....        (no ring)
Stlth   ++++         (no ring)
HPRegen 0.26/turn    (no ring)
MPRegen 0.12/turn    (no ring)
                     (no ring)

%: no passive effects
@: about to teleport, constricted
A: almost no armour, amphibious, 8 rings, camouflage 1, gelatinous body 1,
nimble swimmer 1, tentacles
a: no special abilities


You were in a sewer.
You visited 1 branch of the dungeon, and saw 3 of its levels.
You also visited: Sewer.

You collected 169 gold pieces.

Inventory:

Jewellery
 h - a +6 ring of intelligence (left tentacle)
Scrolls
 b - a scroll of noise
 m - a scroll of identify
 n - a scroll of magic mapping
 o - 2 scrolls of enchant armour {unknown}
 p - a scroll of vulnerability {unknown}
Potions
 a - a potion of magic
 c - a potion of invisibility {unknown}
 d - a potion of mutation {unknown}
 f - a potion of ambrosia {unknown}
 g - 2 potions of haste {unknown}
 i - 3 potions of cancellation
 j - a potion of brilliance {unknown}
 k - a potion of lignification {unknown}
 l - a potion of resistance {unknown}


   Skills:
 - Level 2.0 Dodging
 - Level 2.6 Stealth
 + Level 3.1 Spellcasting
 * Level 3.4 Conjurations
 - Level 1.0 Transmutations
 * Level 5.0 Earth Magic


You had 7 spell levels left.
You knew the following spells:

 Your Spells              Type           Power      Damage    Failure   Level
a - Sandblast             Erth           58%        2d13      1%          1
b - Stone Arrow           Conj/Erth      50%        3d10      5%          3

Your spell library contained the following spells:

 Spells                   Type           Power      Damage    Failure   Level
 Passwall                 Tmut/Erth      15%        N/A       4%          2
 Petrify                  Tmut/Erth      19%        N/A       28%         4
 Tukima's Dance           Hex            3%         N/A       30%         3
 Passage of Golubria      Tloc           3%         N/A       69%         4
 Yara's Violent Unravell  Hex/Tmut       3%         3d4       92%         5


Dungeon Overview and Level Annotations

Branches:
Dungeon (3/15) Zot: 15203   Sewer (1/1) Zot: 5474

Altars:
Ashenzari
Uskayaw

Shops:
D:2 ?[


Innate Abilities, Weirdness & Mutations

You cannot wear most types of armour.
You are amphibious.
You can wear up to eight rings at the same time.
Your skin changes colour to match your surroundings (Stealth+).
Your rubbery body absorbs attacks. (AC +1, EV +1)
You are camouflaged when in or above water. (Stealth+)
You have tentacles for arms and can constrict up to eight enemies at once.


Message History

The ball python hisses angrily.
The blast of sand hits the bullfrog.
The bullfrog is moderately wounded.
The bullfrog hits you! x3; The bullfrog barely misses you.
The bullfrog hits you.
* * * LOW HITPOINT WARNING * * *
The bullfrog misses you.
You are too injured to fight recklessly!
The bullfrog attacks as you move away! The bullfrog hits you.
* * * LOW HITPOINT WARNING * * *
The frilled lizard closely misses you. The ball python misses you.
The ball python closely misses you. The bullfrog closely misses you.
You feel much better. The bullfrog barely misses you.
The frilled lizard bites you. The ball python misses you. x2
The ball python attacks as you move away!
The ball python bites you.
The bullfrog releases a deep croak.
The bullfrog closely misses you.
The ball python attacks as you move away!
The ball python bites you but does no damage.
The bullfrog attacks as you move away! The bullfrog hits you.
The ball python bites you but does no damage.
The ball python barely misses you.
The ball python attacks as you move away!
The ball python closely misses you. The ball python misses you.
The bullfrog barely misses you. The bullfrog hits you. x2
The bullfrog misses you. The bullfrog hits you! The bullfrog hits you.
* * * LOW HITPOINT WARNING * * *
The ball python bites you.
* * * LOW HITPOINT WARNING * * *
The ball python misses you.
You are too injured to fight recklessly!
As you read the scroll of teleportation, it crumbles to dust.
You feel strangely unstable. The bullfrog hits you.
* * * LOW HITPOINT WARNING * * *
The ball python bites you.
* * * LOW HITPOINT WARNING * * *
The ball python grabs you. The ball python constricts you.
You die...

.###~..~##
#.~.~.##
###~~~~~~#
#≈≈≈†~~#
#≈≈≈~~≈#
#~≈~≈≈≈#
#≈≈~~~~#
#≈≈~≈≈≈#
#≈≈~~~~#
#≈~~~≈≈#
#≈~~≈≈≈#
#≈≈~~≈≈#
#~≈~≈≈≈#
#F≈≈≈~~#
#~~≈~≈≈#
#lS≈≈.~#
##~.~.≈#
#@F≈~.≈#
#~...~≈#
#≈≈~#~~#
#≈~.~~≈#
#≈≈~~#~#
#≈≈≈~~~#
#≈≈~~~≈#
#≈≈≈≈≈~#
#≈~~~≈≈#
#≈≈~~~≈#
#≈~~~≈≈#
#≈~~≈~≈#
#≈≈~~≈~#
#≈≈~~~≈#
#####~~~~≈~#
#..~~~.#
#..###..~.##


You could see 2 bullfrogs, a ball python and a frilled lizard.

Vanquished Creatures
  9 adders
  4 gnolls (D:3)
  3 river rats
  4 worms
  2 dart slugs
  5 orcs (D:3)
  7 endoplasms
  2 giant cockroaches
  5 goblins
  8 hobgoblins
  A jackal (D:2)
  10 kobolds
  3 quokkas
  17 ball pythons
  4 bats
  15 frilled lizards
  29 rats
128 creatures vanquished.

Notes
Turn   | Place    | Note
-------+----------+-------------------------------------------
     0 | D:1      | NateTC the Octopode Earth Elementalist began the quest for
                  | the Orb.
     0 | D:1      | Reached XP level 1. HP: 11/11 MP: 3/3
   188 | D:1      | Reached XP level 2. HP: 11/17 MP: 1/5
   516 | D:1      | Reached skill level 1 in Conjurations
   606 | D:1      | Reached XP level 3. HP: 21/21 MP: 3/6
  1071 | D:2      | Learned a level 3 spell: Stone Arrow
  1251 | D:2      | Found Olyr Ris's Magic Scroll Shop.
  1375 | D:2      | Identified the +3 chain mail of Qazlal's Benevolence
                  | {Str+3}
  1446 | D:2      | Reached skill level 4 in Earth Magic
  1446 | D:2      | Reached XP level 4. HP: 27/27 MP: 2/7
  1887 | D:2      | Found Qudicoal's Antique Armour Shop.
  2359 | D:3      | Reached XP level 5. HP: 27/31 MP: 5/9
  2508 | D:3      | Found a hide-covered altar of Uskayaw.
  2589 | D:3      | Found a broken altar of Ashenzari.
  2729 | D:3      | Found a glowing drain.
  2736 | Sewer    | Entered a sewer
  2820 | Sewer    | Reached XP level 6. HP: 32/36 MP: 4/10
  3164 | Sewer    | Reached skill level 5 in Earth Magic
  3239 | Sewer    | HP: 1/36 [ball python (3)]
  3239 | Sewer    | Constricted to death by a ball python

Illustrated notes

Levels and vault maps discovered:
D:1:      psy_arrival_basics, layout_basic, minmay_tall_x
D:2:      minmay_recursive_quarters, layout_loops_corners, serial_shops,
          shop_statue, nicolae_shop_tiny_glass
D:3:      layout_rooms, mainiacjoe_overflow_small_starburst,
          mainiacjoe_overflow_surrounded_room, lightli_sewer_entry_pipes
Sewer:    sewer_minmay_w

Skill      XL: |  1  2  3  4  5  6 |
---------------+-------------------+-----
Conjurations   | 1 2 3 |  3.4
Earth Magic    | 4 5 |  5.0
Spellcasting   | 3 |  3.1
Dodging        | |  2.0
Stealth        | |  2.6
Transmutations | |  1.0

Action                     |  1- 3 |  4- 6 || total
---------------------------+-------+-------++-------
  Melee: Unarmed           |     8 |       ||     8
         Tentacles         |     3 |       ||     3
         Constrict         |     1 |       ||     1
   Cast: Sandblast         |    52 |   110 ||   162
         Stone Arrow       |       |     1 ||     1
    Use: Scroll            |     4 |     2 ||     6
         Potion            |       |     3 ||     3
 Armour: Skin              |     3 |    10 ||    13
  Dodge: Dodged            |    14 |    65 ||    79

Table legend: (Time is in decaauts)
 A = Elapsed time spent in this place.
 B = Non-inter-level travel time spent in this place.
 C = Inter-level travel time spent in this place.
 D = Time resting spent in this place.
 E = Time spent auto-exploring this place.
 F = Levels seen in this place.
 G = Mean time per level.
                   A        B        C        D        E       F      G
               +--------+--------+--------+--------+--------+-----+--------+
         Total |   3320 |   3247 |     73 |    844 |   1131 |   4 |  830.0 |
       Dungeon |   2796 |   2723 |     73 |    554 |   1131 |   3 |  932.0 |
         Sewer |    524 |    524 |      0 |    290 |      0 |   1 |  524.0 |
               +--------+--------+--------+--------+--------+-----+--------+

Top non-repeatable levels by time:
     D:2: 1381 daAuts
     D:1: 1083 daAuts
   Sewer: 524 daAuts
     D:3: 331 daAuts
